| TOP OF THE 1ST |
|
Butte Copper Kings batting - Pitching for Idaho Falls Spuds : RHP Christopher Ray
|
|
Pitching: RHP Christopher Ray
|
|
|
Batting: LHB Larry Jackson
|
0-0: Ball 1-0: SINGLE (Line Drive, 7S, EV 106.9 MPH)
|
|
Batting: LHB David Dillard
|
0-0: Ball 1-0: Ground out 4-3 (Groundball, 34, EV 103.8 MPH) Larry Jackson to second
|
|
Batting: RHB Kevin Sliwinski
|
0-0: Ball 1-0: Called Strike Larry Jackson steals 3rd base 1-1: Ball 2-1: Called Strike 2-2: Strikes out swinging
|
|
Batting: RHB William Allen
|
0-0: Ball 1-0: Ball 2-0: Ball 3-0: Called Strike 3-1: Ground out 4-3 (Groundball, 34, EV 85.6 MPH)
|
| Top of the 1st over - 0 runs, 1 hit, 0 errors, 1 left on base; Butte 0 - Idaho Falls 0 |
| BOTTOM OF THE 1ST |
|
Idaho Falls Spuds batting - Pitching for Butte Copper Kings : RHP Leo Enriquez
|
|
Pitching: RHP Leo Enriquez
|
|
|
Batting: RHB Ken Williams
|
0-0: Ball 1-0: Ball 2-0: Called Strike 2-1: Ground out 5-3 (Groundball, 5D, EV 108.8 MPH)
|
|
Batting: RHB Tony Porras
|
0-0: Called Strike 0-1: Foul Ball, location: 2F 0-2: Ball 1-2: SINGLE (Groundball, 6D, EV 105.0 MPH)
|
|
Batting: RHB Gregory Key
|
0-0: SINGLE (Groundball, 6, EV 96.3 MPH) Tony Porras to second
|
|
Batting: RHB Billie Merrifield
|
0-0: Ball 1-0: Ball 2-0: Ball 3-0: Called Strike 3-1: Called Strike 3-2: Fly out, F9 (Flyball, 89M, EV 88.8 MPH)
|
|
Batting: RHB John Thornton
|
0-0: Swinging Strike 0-1: Ball 1-1: Ball 2-1: Foul Ball, location: 2F 2-2: Foul Ball, location: 2F 2-2: Fielders Choice at 2nd, 6-4 (Groundball, 6, EV 83.8 MPH)
|
| Bottom of the 1st over - 0 runs, 2 hits, 0 errors, 2 left on base; Butte 0 - Idaho Falls 0 |
| TOP OF THE 2ND |
|
Butte Copper Kings batting - Pitching for Idaho Falls Spuds : RHP Christopher Ray
|
|
Batting: RHB Robert McManus
|
0-0: Foul Ball, location: 2F 0-1: Foul Ball, location: 2F 0-2: TRIPLE (Flyball, 78XD, EV 93.8 MPH)
|
|
Batting: SHB Pat Bone
|
0-0: Foul Ball, location: 2F 0-1: Ball 1-1: Ground out 6-3 (Groundball, 6MS, EV 62.5 MPH) Robert McManus scores
|
|
Batting: RHB Keith Komeiji
|
0-0: Ball 1-0: Ground out 6-3 (Groundball, 56D, EV 88.1 MPH)
|
|
Batting: RHB Ray Thoma
|
0-0: Ball 1-0: Swinging Strike 1-1: Swinging Strike 1-2: Strikes out looking
|
| Top of the 2nd over - 1 run, 1 hit, 0 errors, 0 left on base; Butte 1 - Idaho Falls 0 |
| BOTTOM OF THE 2ND |
|
Idaho Falls Spuds batting - Pitching for Butte Copper Kings : RHP Leo Enriquez
|
|
Batting: RHB Brian Dorsett
|
0-0: Ball 1-0: Ball 2-0: SINGLE (Groundball, 34D, EV 99.4 MPH)
|
|
Batting: LHB Jeffrey Greene
|
0-0: Ball 1-0: DOUBLE (Flyball, 89XD, EV 105.0 MPH) Brian Dorsett to third
|
|
Batting: RHB Alvin Bravo
|
0-0: Called Strike 0-1: Called Strike 0-2: Ball 1-2: Strikes out swinging
|
|
Batting: RHB Jose Mateo
|
0-0: Swinging Strike 0-1: Ball 1-1: Ball 2-1: Foul Ball, location: 2F 2-2: Foul Ball, location: 2F 2-2: Ball 3-2: SINGLE (Line Drive, 4D, EV 97.5 MPH) Brian Dorsett scores Jeffrey Greene to third
|
|
Batting: RHB Ken Williams
|
0-0: Ball 1-0: Called Strike 1-1: Ball 2-1: Ball 3-1: Base on Balls Jose Mateo to second
|
|
Batting: RHB Tony Porras
|
0-0: Called Strike 0-1: Ball 1-1: Swinging Strike 1-2: Foul Ball, location: 2F 1-2: Ball 2-2: Strikes out swinging
|
|
Batting: RHB Gregory Key
|
0-0: Fly out, F6 (Line Drive, 6, EV 66.3 MPH)
|
| Bottom of the 2nd over - 1 run, 3 hits, 0 errors, 3 left on base; Butte 1 - Idaho Falls 1 |
| TOP OF THE 3RD |
|
Butte Copper Kings batting - Pitching for Idaho Falls Spuds : RHP Christopher Ray
|
|
Batting: RHB Juan Alvarez
|
0-0: Called Strike 0-1: Ground out 6-3 (Groundball, 6, EV 93.1 MPH)
|
|
Batting: LHB Larry Jackson
|
0-0: Called Strike 0-1: SINGLE (Flyball, 3D, EV 85.6 MPH)
|
|
Batting: LHB David Dillard
|
0-0: Ball Wild Pitch! Larry Jackson to second 1-0: Foul Ball, location: 2F 1-1: Foul Ball, location: 2F 1-2: DOUBLE (Groundball, 3L, EV 100.0 MPH) Larry Jackson scores
|
|
Batting: RHB Kevin Sliwinski
|
0-0: Foul Ball, location: 2F 0-1: Fly out, F8 (Flyball, 8RM, EV 86.9 MPH)
|
|
Batting: RHB William Allen
|
0-0: Fly out, F7 (Flyball, 78XD, EV 106.3 MPH)
|
| Top of the 3rd over - 1 run, 2 hits, 0 errors, 1 left on base; Butte 2 - Idaho Falls 1 |
| BOTTOM OF THE 3RD |
|
Idaho Falls Spuds batting - Pitching for Butte Copper Kings : RHP Leo Enriquez
|
|
Batting: RHB Billie Merrifield
|
0-0: Ball 1-0: Ball 2-0: Called Strike 2-1: Foul Ball, location: 2F 2-2: Strikes out swinging
|
|
Batting: RHB John Thornton
|
0-0: Ball 1-0: Ball 2-0: Ball 3-0: Called Strike 3-1: Fly out, F7 (Flyball, 7LM, EV 90.0 MPH)
|
|
Batting: RHB Brian Dorsett
|
0-0: Foul Ball, location: 2F 0-1: Ball 1-1: Swinging Strike 1-2: Foul Ball, location: 2F 1-2: SINGLE (Line Drive, 6M, EV 101.9 MPH)
|
|
Batting: LHB Jeffrey Greene
|
0-0: Ball 1-0: Called Strike 1-1: Foul Ball, location: 2F 1-2: Ground out 4-3 (Groundball, 4, EV 82.5 MPH)
|
| Bottom of the 3rd over - 0 runs, 1 hit, 0 errors, 1 left on base; Butte 2 - Idaho Falls 1 |
| TOP OF THE 4TH |
|
Butte Copper Kings batting - Pitching for Idaho Falls Spuds : RHP Christopher Ray
|
|
Batting: RHB Robert McManus
|
0-0: Ground out 6-3 (Groundball, 6, EV 100.0 MPH)
|
|
Batting: SHB Pat Bone
|
0-0: Ball 1-0: Ball 2-0: Ball 3-0: Base on Balls
|
|
Batting: RHB Keith Komeiji
|
0-0: Called Strike Pat Bone is caught stealing 2nd base 2-4 0-1: DOUBLE (Line Drive, 89D, EV 101.9 MPH)
|
|
Batting: RHB Ray Thoma
|
0-0: Ball 1-0: Ground out 6-3 (Groundball, 6, EV 96.3 MPH)
|
| Top of the 4th over - 0 runs, 1 hit, 0 errors, 1 left on base; Butte 2 - Idaho Falls 1 |
| BOTTOM OF THE 4TH |
|
Idaho Falls Spuds batting - Pitching for Butte Copper Kings : RHP Leo Enriquez
|
|
Batting: RHB Alvin Bravo
|
0-0: Ball 1-0: Called Strike 1-1: Ground out 6-3 (Groundball, 6, EV 106.3 MPH)
|
|
Batting: RHB Jose Mateo
|
0-0: Ball 1-0: Fly out, F5 (Line Drive, 5, EV 70.6 MPH)
|
|
Batting: RHB Ken Williams
|
0-0: Ball 1-0: Fly out, F8 (Flyball, 8LM, EV 83.8 MPH)
|
| Bottom of the 4th over - 0 runs, 0 hits, 0 errors, 0 left on base; Butte 2 - Idaho Falls 1 |
| TOP OF THE 5TH |
|
Butte Copper Kings batting - Pitching for Idaho Falls Spuds : RHP Christopher Ray
|
|
Batting: RHB Juan Alvarez
|
0-0: Ball 1-0: Ball 2-0: Fly out, F9 (Flyball, 9LS, EV 93.8 MPH)
|
|
Batting: LHB Larry Jackson
|
0-0: Ground out 4-3 (Groundball, 4, EV 84.4 MPH)
|
|
Batting: LHB David Dillard
|
0-0: Ball 1-0: Called Strike 1-1: Called Strike 1-2: Ball 2-2: Foul Ball, location: 2F 2-2: DOUBLE (Flyball, 8LXD, EV 91.3 MPH)
|
|
Batting: RHB Kevin Sliwinski
|
0-0: Called Strike 0-1: Ground out 6-3 (Groundball, 6, EV 89.4 MPH)
|
| Top of the 5th over - 0 runs, 1 hit, 0 errors, 1 left on base; Butte 2 - Idaho Falls 1 |
| BOTTOM OF THE 5TH |
|
Idaho Falls Spuds batting - Pitching for Butte Copper Kings : RHP Leo Enriquez
|
|
Batting: RHB Tony Porras
|
0-0: Fly out, F9 (Flyball, 9, EV 81.9 MPH)
|
|
Batting: RHB Gregory Key
|
0-0: Swinging Strike 0-1: Ball 1-1: Fly out, F8 (Flyball, 8RS, EV 89.4 MPH)
|
|
Batting: RHB Billie Merrifield
|
0-0: DOUBLE (Line Drive, 89M, EV 111.9 MPH)
|
|
Batting: RHB John Thornton
|
0-0: Called Strike 0-1: Called Strike 0-2: Foul Ball, location: 2F 0-2: Ground out 6-3 (Groundball, 6, EV 82.5 MPH)
|
| Bottom of the 5th over - 0 runs, 1 hit, 0 errors, 1 left on base; Butte 2 - Idaho Falls 1 |
| TOP OF THE 6TH |
|
Butte Copper Kings batting - Pitching for Idaho Falls Spuds : RHP Christopher Ray
|
|
Batting: RHB William Allen
|
0-0: Called Strike 0-1: Ball 1-1: Ball 2-1: Ball 3-1: Ground out 4-3 (Groundball, 4, EV 88.1 MPH)
|
|
Batting: RHB Robert McManus
|
0-0: Ball 1-0: Ball 2-0: Ball 3-0: Called Strike 3-1: Base on Balls
|
|
Batting: SHB Pat Bone
|
0-0: Ball 1-0: Swinging Strike 1-1: Ball 2-1: SINGLE (Line Drive, 4D, EV 95.6 MPH) Robert McManus to second
|
|
Batting: RHB Keith Komeiji
|
0-0: Called Strike 0-1: Ball 1-1: Swinging Strike 1-2: Strikes out swinging
|
|
Batting: RHB Ray Thoma
|
0-0: SINGLE (Groundball, 6MD, EV 101.9 MPH) Robert McManus to third Pat Bone to second Runner from 3rd tries for Home, SAFE, throw by CF to home
|
|
Batting: RHB Juan Alvarez
|
0-0: Ball 1-0: Ground out 3-1 (Groundball, 34, EV 105.6 MPH)
|
| Top of the 6th over - 1 run, 2 hits, 0 errors, 2 left on base; Butte 3 - Idaho Falls 1 |
| BOTTOM OF THE 6TH |
|
Idaho Falls Spuds batting - Pitching for Butte Copper Kings : RHP Leo Enriquez
|
|
Batting: RHB Brian Dorsett
|
0-0: Called Strike 0-1: Ball 1-1: SINGLE (Line Drive, 4D, EV 97.5 MPH)
|
|
Batting: LHB Jeffrey Greene
|
0-0: Ball 1-0: Ball 2-0: Called Strike 2-1: Ball 3-1: Fly out, F5 (Line Drive, 5, EV 63.8 MPH)
|
|
Batting: RHB Alvin Bravo
|
0-0: Foul Ball, location: 2F 0-1: Called Strike 0-2: Fly out, F8 (Line Drive, 8LD, EV 103.1 MPH)
|
|
Batting: RHB Jose Mateo
|
0-0: Called Strike 0-1: Ground out 6-3 (Groundball, 56, EV 100.0 MPH)
|
| Bottom of the 6th over - 0 runs, 1 hit, 0 errors, 1 left on base; Butte 3 - Idaho Falls 1 |
| TOP OF THE 7TH |
|
Butte Copper Kings batting - Pitching for Idaho Falls Spuds : RHP Christopher Ray
|
|
Batting: LHB Larry Jackson
|
0-0: Called Strike 0-1: Called Strike 0-2: Foul Ball, location: 2F 0-2: SINGLE (Line Drive, 56D, EV 96.9 MPH)
|
|
Batting: LHB David Dillard
|
0-0: Sac Bunt to 25 - play at first, batter OUT! 5-3 Larry Jackson to second
|
|
Batting: RHB Kevin Sliwinski
|
0-0: Ground out 4-3 (Groundball, 4M, EV 94.4 MPH) Larry Jackson to third
|
|
Batting: RHB William Allen
|
0-0: Ball 1-0: Ball 2-0: Ball 3-0: Called Strike 3-1: Base on Balls
|
|
Batting: RHB Robert McManus
|
0-0: Ball 1-0: Fly out, F7 (Flyball, 7D, EV 103.8 MPH)
|
| Top of the 7th over - 0 runs, 1 hit, 0 errors, 2 left on base; Butte 3 - Idaho Falls 1 |
| BOTTOM OF THE 7TH |
|
Idaho Falls Spuds batting - Pitching for Butte Copper Kings : RHP Leo Enriquez
|
|
Batting: RHB Ken Williams
|
0-0: Called Strike 0-1: Ground out 4-3 (Groundball, 4MD, EV 87.5 MPH)
|
|
Batting: RHB Tony Porras
|
0-0: Called Strike 0-1: Foul Ball, location: 2F 0-2: Ball 1-2: Ball 2-2: Ground out 5-3 (Groundball, 56S, EV 76.9 MPH)
|
|
Batting: RHB Gregory Key
|
0-0: Ball 1-0: Ball 2-0: Ball 3-0: Called Strike 3-1: Called Strike 3-2: Base on Balls
|
|
Pitching: RHP Kevin Quirk
|
|
|
Batting: RHB Billie Merrifield
|
0-0: Ball 1-0: Called Strike 1-1: Swinging Strike 1-2: Fly out, F6 (Popup, 6, EV 60.0 MPH)
|
| Bottom of the 7th over - 0 runs, 0 hits, 0 errors, 1 left on base; Butte 3 - Idaho Falls 1 |
| TOP OF THE 8TH |
|
Butte Copper Kings batting - Pitching for Idaho Falls Spuds : RHP Christopher Ray
|
|
Batting: SHB Pat Bone
|
0-0: SINGLE (Line Drive, 8LS, EV 95.6 MPH)
|
|
Pitching: LHP Mark Roberts
|
|
|
Batting: RHB Keith Komeiji
|
0-0: Ball 1-0: Fly out, F9 (Flyball, 9LM, EV 86.9 MPH)
|
|
Batting: RHB Ray Thoma
|
0-0: Ball 1-0: Foul Ball, location: 2F 1-1: Grounds into double play, 6-4-3 (Groundball, 6, EV 90.0 MPH)
|
| Top of the 8th over - 0 runs, 1 hit, 0 errors, 0 left on base; Butte 3 - Idaho Falls 1 |
| BOTTOM OF THE 8TH |
|
Idaho Falls Spuds batting - Pitching for Butte Copper Kings : RHP Kevin Quirk
|
|
Batting: RHB John Thornton
|
0-0: Called Strike 0-1: Swinging Strike 0-2: Ball 1-2: Strikes out swinging
|
|
Batting: RHB Brian Dorsett
|
0-0: Fly out, F9 (Line Drive, 9, EV 91.3 MPH)
|
|
Batting: LHB Jeffrey Greene
|
0-0: Ball 1-0: Foul Ball, location: 2F 1-1: Ball 2-1: Called Strike 2-2: Foul Ball, location: 2F 2-2: SINGLE (Line Drive, 9S, EV 99.4 MPH)
|
|
Pitching: RHP Alec McCullock
|
|
|
Batting: RHB Alvin Bravo
|
0-0: Called Strike 0-1: Ball 1-1: Ball 2-1: 2-RUN HOME RUN (Line Drive, 7LD, EV 100.6 MPH), Distance : 354 ft
|
|
Batting: RHB Jose Mateo
|
0-0: Called Strike 0-1: Ground out 6-3 (Groundball, 6, EV 103.1 MPH)
|
| Bottom of the 8th over - 2 runs, 2 hits, 0 errors, 0 left on base; Butte 3 - Idaho Falls 3 |
| TOP OF THE 9TH |
|
Butte Copper Kings batting - Pitching for Idaho Falls Spuds : LHP Mark Roberts
|
|
Pinch Hitting: RHB Robert Ferro
|
0-0: Foul Ball, location: 2F 0-1: Ball 1-1: Ball 2-1: Ball 3-1: Ground out 4-3 (Groundball, 4, EV 79.4 MPH)
|
|
Batting: RHB John Roth
|
0-0: Ball 1-0: Ball 2-0: Ball 3-0: Base on Balls
|
|
Batting: LHB David Dillard
|
0-0: Ball 1-0: Called Strike 1-1: Ball 2-1: Foul Ball, location: 2F 2-2: Fly out, F8 (Flyball, 78XD, EV 105.0 MPH)
|
|
Batting: RHB Kevin Sliwinski
|
0-0: Ball 1-0: SINGLE (Line Drive, 8RS, EV 101.9 MPH) John Roth to second Runner from 2nd tries for 3rd, SAFE, no throw by CF
|
|
Batting: RHB William Allen
|
Pickoff Throw to First - Out! 1-3
|
| Top of the 9th over - 0 runs, 1 hit, 0 errors, 1 left on base; Butte 3 - Idaho Falls 3 |
| BOTTOM OF THE 9TH |
|
Idaho Falls Spuds batting - Pitching for Butte Copper Kings : RHP Alec McCullock
|
|
Now at SS: Robert Ferro
|
|
|
Pinch Hitting: LHB Bill Kuchar
|
0-0: Called Strike 0-1: Ball 1-1: SINGLE (Groundball, 34D, EV 103.8 MPH) (infield hit)
|
|
Batting: RHB Tony Porras
|
0-0: Sac Bunt to 15 - play at first, batter OUT! 1-3 Bill Kuchar to second
|
|
Batting: RHB Gregory Key
|
0-0: Called Strike 0-1: Foul Ball, location: 2F 0-2: Foul Ball, location: 2F 0-2: Ball 1-2: Foul Ball, location: 2F 1-2: Ball Passed Ball! Bill Kuchar to third 2-2: Strikes out looking
|
|
Pinch Hitting: LHB Michael Ward
|
0-0: Intentional Walk
|
|
Batting: RHB Reginald Mosley
|
0-0: Ball 1-0: Ball 2-0: Called Strike 2-1: 3-RUN HOME RUN (Flyball, 7D, EV 91.9 MPH), Distance : 371 ft
|
| Bottom of the 9th over - 3 runs, 2 hits, 0 errors, 0 left on base; Butte 3 - Idaho Falls 6 |
|